 Dungeon Crawl Stone Soup version 0.20.1-1-g8b1a95d (webtiles) character file.

15963 manyhoops the Zephyrmancer (level 11, -1/91 HPs)
             Began as a Demigod Air Elementalist on Nov 19, 2017.
             Slain by a spiny frog (14 damage)
             ... on level 1 of the Lair of Beasts on Nov 20, 2017.
             The game lasted 00:30:07 (14641 turns).

manyhoops the Zephyrmancer (DgAE)                  Turns: 14641, Time: 00:30:07

Health: -1/91      AC: 13    Str: 11    XL:     11   Next: 75%
Magic:  4/27       EV: 21    Int: 25    God:
Gold:   933        SH:  0    Dex: 16    Spells: 10/27 levels left

rFire    + . .     SeeInvis +   r - +1 flail (protect)
rCold    . . .     Gourm    .   (no shield)
rNeg     . . .     Faith    .   x - +1 robe {rF+}
rPois    +         Spirit   .   u - +2 helmet {SInv}
rElec    .         Reflect  .   L - +2 cloak {rPois}
rCorr    .         Harm     .   e - +0 pair of gloves
MR       +....                  F - +1 pair of boots {Fly}
Stlth    ++........             (no amulet)
Regen    0.3/turn               D - +3 ring of evasion
MPRegen  0.2/turn               o - +1 ring of protection

@: flying
A: claws 1, high mp 1
a: Stop Flying


You were on level 1 of the Lair of Beasts.
You were not hungry.

You visited 2 branches of the dungeon, and saw 14 of its levels.

You collected 933 gold pieces.

Inventory:

Hand Weapons
 r - a +1 flail of protection (weapon)
Missiles
 G - a throwing net (quivered)
Armour
 e - a +0 pair of gloves (worn)
 u - a +2 helmet of see invisible (worn)
 x - a +1 robe of fire resistance (worn)
 F - a +1 pair of boots of flying (worn)
 L - a +2 cloak of poison resistance (worn)
Jewellery
 c - a cursed ring of protection from cold
 o - a +1 ring of protection (right hand)
 v - an uncursed ring of protection from cold
 w - an uncursed ring of flight
 D - a +3 ring of evasion (left hand)
Wands
 a - a wand of iceblast (4/15)
 C - a wand of scattershot (0/9)
 Q - a wand of iceblast (7/15)
Scrolls
 d - 7 scrolls of remove curse
 f - 2 scrolls of enchant armour
 h - 2 scrolls of identify
 k - 2 scrolls of fog
 l - 4 scrolls of amnesia
 m - a scroll of recharging
 y - 2 scrolls of holy word {unknown}
 A - 2 scrolls of vulnerability
 I - a scroll of brand weapon
 J - 2 scrolls of enchant weapon
 K - a scroll of magic mapping
 P - a scroll of torment
 R - a scroll of immolation
Potions
 g - a potion of cancellation
 i - 2 potions of brilliance
 j - a potion of flight {unknown}
 n - 2 potions of might {unknown}
 p - 2 potions of haste
 t - a potion of berserk rage
 z - 8 potions of curing
 M - a potion of agility
Books
 b - a book of Air

   Spells                             Type                      Level
   a - Shock                          Conjuration/Air              1
   b - Swiftness                      Charms/Air                   2
   c - Static Discharge               Conjuration/Air              3
   d - Airstrike                      Air                          4
   e - Lightning Bolt                 Conjuration/Air              5
 q - a book of Geomancy

   Spells                             Type                      Level
   a - Sandblast                      Earth                        1
   b - Passwall                       Transmutation/Earth          2
   c - Stone Arrow                    Conjuration/Earth            3
   d - Petrify                        Transmutation/Earth          4
   e - Lee's Rapid Deconstruction     Earth                        5
 E - a book of Battle

   Spells                             Type                      Level
   a - Infusion                       Charms                       1
   b - Shroud of Golubria             Charms/Translocation         2
   c - Song of Slaying                Charms                       2
   d - Spectral Weapon                Hexes/Charms                 3
   e - Regeneration                   Charms/Necromancy            3
 H - a book of Changes

   Spells                             Type                      Level
   a - Beastly Appendage              Transmutation                1
   b - Sticks to Snakes               Transmutation                2
   c - Spider Form                    Transmutation/Poison         3
   d - Ice Form                       Ice/Transmutation            4
   e - Blade Hands                    Transmutation                5
Comestibles
 s - 3 meat rations
 B - 2 royal jellies
 O - 8 bread rations


   Skills:
 - Level 6.7 Fighting
 - Level 8.1 Dodging
 - Level 1.7 Stealth
 + Level 8.6 Spellcasting
 * Level 8.0 Conjurations
 + Level 9.3 Air Magic
 + Level 0.3 Evocations


You had 10 spell levels left.
You knew the following spells:

 Your Spells              Type           Power        Failure   Level  Hunger
a - Shock                 Conj/Air       ####         1%          1    None
b - Swiftness             Chrm/Air       ####....     1%          2    None
c - Static Discharge      Conj/Air       ######..     1%          3    None
d - Airstrike             Air            ######....   1%          4    ##.....
e - Lightning Bolt        Conj/Air       ######....   4%          5    ####...
f - Passwall              Tmut/Erth      ##........   9%          2    None


Dungeon Overview and Level Annotations

Branches:
Dungeon (12/15)            Temple (0/1) D:4            Lair (2/6) D:11
    Orc (0/2) D:9
  Swamp: Lair:2-4    Shoals: Lair:2-4     Snake: Lair:2-4    Spider: Lair:2-4

Shops:
D:7 (   D:10 }

Annotations:
D:11 Snorg


Innate Abilities, Weirdness & Mutations

You have an increased reservoir of magic. (+10% MP)
You have sharp fingernails.


Message History

The lightning arcs!
You are struck by lightning.
The lightning arcs!
The spiny frog is struck by lightning.
The spiny frog is moderately wounded.
The lightning grounds out.
The rime drake is struck by lightning.
You kill the rime drake!
The lightning arcs!
You are struck by lightning.
The lightning arcs!
The spiny frog is struck by lightning.
The spiny frog is heavily wounded.
The lightning arcs!
You are struck by lightning.
The lightning grounds out.
The ice encasing you melts away. The spiny frog stings you!
* * * LOW HITPOINT WARNING * * *
Casting: Static Discharge
Confirm with . or Enter, or press ? or * to list all spells.
The spiny frog is struck by lightning.
The spiny frog is severely wounded.
The lightning arcs!
You are struck by lightning.
* * * LOW HITPOINT WARNING * * *
The lightning grounds out.
The spiny frog stings you!
You die...

#....#####...####.....
#.......#..(..# #.....
#.............# #.....
#...##..##....###.....
#...######.....##.....
######.....# #....###....#
#####PP.#.##...####....##......
#............F.†...............
#.............@................
#.....>......†.##.............. #
#......#P.#.P..####.....#......
####....###.......###....#.......
...................#P....##......
..........................#......
..........................#......
.................................
###.....###........##............


You could see a spiny frog.

Vanquished Creatures
  2 hydras (D:11)
  Nergalle (D:11)
  The ghost of Agrougrou the Slasher, a novice BaFi of Okawaru (D:5)
  3 cyclopes
  2 centaur zombies (D:10)
  3 spiny frogs (Lair:1)
  2 centaur skeletons
  A rime drake (Lair:1)
  3 trolls
  5 slime creatures
  4 hippogriffs
  A shadow (D:12)
  A spriggan (D:11)
  2 wyverns
  A wraith (D:11)
  A vampire (D:11)
  Eustachio (D:6)
  8 yaks
  A basilisk (D:10)
  The ghost of dscm the Skirmisher, an amateur DsFi (D:4)
  A hungry ghost (D:7)
  An acid dragon (D:11)
  2 water moccasins
  Duvessa (D:5)
  4 porcupines
  5 orc warriors
  A sky beast (D:10)
  An eye of draining (D:11)
  A phantom (D:8)
  2 ice beasts
  A necrophage (D:12)
  8 centaurs
  7 ogres
  3 crocodiles (Lair:1)
  A big kobold (D:10)
  Blork the orc (D:5)
  4 bullfrogs
  Dowan (D:5)
  A water moccasin zombie (D:7)
  2 scorpions
  3 electric eels (Lair:1)
  2 crimson imps
  5 howler monkeys
  A quasit (D:11)
  7 hounds
  2 bullfrog zombies
  6 orc priests
  2 jellies
  11 orc wizards
  An iron imp (D:9)
  4 iguanas
  6 worker ants
  A killer bee zombie (D:8)
  A hound zombie (D:10)
  Robin (D:2)
  3 worker ant zombies (D:10)
  3 gnolls
  8 adders
  3 river rats (D:7)
  2 shadow imps
  An ooze (D:4)
  An adder skeleton (D:6)
  A worm (D:2)
  2 dart slugs (D:1)
  7 leopard geckos
  39 orcs
  9 bats
  7 giant cockroaches
  22 goblins
  7 hobgoblins
  7 jackals
  4 quokkas
  4 frilled lizards
  A jackal zombie (D:8)
  12 kobolds
  A leopard gecko skeleton (D:4)
  8 rats
297 creatures vanquished.

Vanquished Creatures (others)
  A deep elf mage (D:12)
  A yaktaur (D:12)
  Edmund (D:4)
  An orc wizard (D:12)
  A hound (D:12)
  An iguana (D:12)
  A plant (D:7)
7 creatures vanquished.

Grand Total: 304 creatures vanquished

Notes
Turn   | Place    | Note
-------+----------+-------------------------------------------
     0 | D:1      | manyhoops the Demigod Air Elementalist began the quest for the Orb.
     0 | D:1      | Reached XP level 1. HP: 14/14 MP: 5/5
   159 | D:1      | Reached skill level 1 in Conjurations
   159 | D:1      | Reached skill level 3 in Air Magic
   159 | D:1      | Reached XP level 2. HP: 10/20 MP: 0/7
   833 | D:1      | Reached XP level 3. HP: 23/26 MP: 0/9
  1527 | D:1      | Noticed a troll
  1877 | D:2      | Reached XP level 4. HP: 25/33 MP: 3/10
  2003 | D:2      | Noticed Robin
  2059 | D:2      | Killed Robin
  2227 | D:2      | Learned a level 2 spell: Swiftness
  2231 | D:2      | Learned a level 3 spell: Static Discharge
  2290 | D:2      | Found a basalt altar of Yredelemnul.
  2505 | D:3      | Found a glowing golden altar of the Shining One.
  2505 | D:3      | Found a white marble altar of Elyvilon.
  2505 | D:3      | Found a glowing silver altar of Zin.
  2764 | D:3      | Reached XP level 5. HP: 38/38 MP: 5/12
  2876 | D:3      | Found a sparkling altar of Nemelex Xobeh.
  2958 | D:3      | Found an ancient bone altar of Kikubaaqudgha.
  3077 | D:4      | Found an opulent altar of Gozag.
  3110 | D:4      | Noticed an ogre
  3116 | D:4      | Killed an ogre
  3116 | D:4      | Reached skill level 4 in Air Magic
  3252 | D:4      | Noticed dscm's ghost (amateur DsFi)
  3258 | D:4      | Learned a level 4 spell: Airstrike
  3324 | D:4      | Killed dscm's ghost
  3324 | D:4      | Reached XP level 6. HP: 34/45 MP: 0/14
  3477 | D:4      | Noticed Edmund
  3499 | D:4      | Killed Edmund
  3855 | D:4      | Found a staircase to the Ecumenical Temple.
  4153 | D:5      | Entered Level 5 of the Dungeon
  4288 | D:5      | Reached XP level 7. HP: 50/50 MP: 9/16
  4365 | D:5      | Reached skill level 5 in Air Magic
  4648 | D:5      | Noticed Agrougrou's ghost (novice BaFi)
  4830 | D:5      | Killed Agrougrou's ghost
  4830 | D:5      | Reached skill level 5 in Spellcasting
  4830 | D:5      | Reached XP level 8. HP: 57/57 MP: 0/19
  4961 | D:5      | Noticed Blork the orc
  4968 | D:5      | Killed Blork the orc
  5127 | D:5      | Reached skill level 6 in Air Magic
  5267 | D:5      | Noticed Duvessa
  5269 | D:5      | Noticed Dowan
  5279 | D:5      | Killed Duvessa
  5279 | D:5      | Reached skill level 5 in Conjurations
  5285 | D:5      | Killed Dowan
  5530 | D:6      | Learned a level 5 spell: Lightning Bolt
  5533 | D:6      | Learned a level 2 spell: Passwall
  5579 | D:6      | Found a stormy altar of Qazlal.
  5600 | D:6      | Found a hazy altar of Hepliaklqana.
  5711 | D:6      | Noticed Eustachio
  5748 | D:6      | Killed Eustachio
  5987 | D:6      | Reached skill level 7 in Air Magic
  6268 | D:7      | Found Winigh's Antique Weapon Shoppe.
  6356 | D:7      | Reached XP level 9. HP: 53/62 MP: 3/22
  7617 | D:8      | Reached skill level 1 in Fighting
  7758 | D:8      | Found a bloodstained altar of Trog.
  7915 | D:8      | Found a blossoming altar of Fedhas.
  8163 | D:9      | Found a staircase to the Orcish Mines.
  8275 | D:9      | Found a snail-covered altar of Cheibriados.
  8814 | D:10     | Entered Level 10 of the Dungeon
  8869 | D:10     | Found Meguorem's Gadget Emporium.
  8877 | D:10     | Reached skill level 5 in Dodging
  8918 | D:10     | Reached XP level 10. HP: 64/78 MP: 1/24
  9186 | D:10     | Gained mutation: You have sharp fingernails. [mutagenic meat]
  9527 | D:10     | Reached skill level 5 in Fighting
  9600 | D:10     | Identified a scroll of acquirement
  9763 | D:11     | Noticed a cyclops
 10412 | D:11     | Noticed a cyclops
 10412 | D:11     | Noticed a six-headed hydra
 10463 | D:11     | Killed a cyclops
 10762 | D:11     | Killed a cyclops
 10948 | D:11     | Noticed Snorg
 11139 | D:11     | Killed a six-headed hydra
 11139 | D:11     | Reached XP level 11. HP: 91/91 MP: 6/25
 11375 | D:11     | Noticed Nergalle
 11429 | D:11     | Killed Nergalle
 11429 | D:11     | Reached skill level 8 in Air Magic
 11738 | D:11     | Found a staircase to the Lair.
 13443 | D:12     | HP: 4/91 [orc warrior/hand axe (2)]
 13638 | D:11     | Noticed a five-headed hydra
 13645 | D:11     | Killed a five-headed hydra
 13808 | Lair:1   | Entered Level 1 of the Lair of Beasts
 13853 | Lair:1   | Reached skill level 9 in Air Magic
 14641 | Lair:1   | Slain by a spiny frog

Skill      XL: |  1  2  3  4  5  6  7  8  9 10 11 |
---------------+----------------------------------+-----
Conjurations   | 1 2 3 4 6 8 |  8.0
Air Magic      | 3 4 5 7 9 |  9.3
Spellcasting   | 2 3 4 5 6 7 8 |  8.6
Dodging        | 5 8 |  8.1
Fighting       | 4 6 |  6.7
Stealth        | |  1.7
Evocations     | |  0.3

Action                   |  1- 3 |  4- 6 |  7- 9 | 10-12 || total
-------------------------+-------+-------+-------+-------++-------
Melee: Unarmed           |     6 |       |       |       ||     6
       Club              |    40 |    14 |       |       ||    54
       Flail             |       |       |   159 |   176 ||   335
 Cast: Shock             |    97 |   118 |    99 |   104 ||   418
       Airstrike         |       |     7 |    26 |    45 ||    78
       Static Discharge  |       |     1 |    92 |   136 ||   229
       Lightning Bolt    |       |       |     2 |    26 ||    28
       Passwall          |       |       |       |     1 ||     1
Evoke: Wand              |       |       |       |     3 ||     3
  Use: Scroll            |     6 |     6 |     6 |    11 ||    29
       Potion            |     3 |     1 |     3 |     2 ||     9
 Stab: Sleeping          |       |       |     1 |     2 ||     3
  Eat: Chunk             |     4 |     8 |    11 |    20 ||    43
       Bread ration      |       |       |     2 |       ||     2
       Fruit             |       |       |       |    10 ||    10
Armor: Robe              |    21 |     9 |   113 |   166 ||   309
Dodge: Dodged            |    54 |    27 |   258 |   616 ||   955
